 Dungeon Crawl Stone Soup version 0.25.1-2-g60ff931df9 (webtiles) character file.

Game seed: 3727188902159779864

236 Glamhuggeren the Chopper (level 6, 0/56 HPs)
             Began as a Hill Orc Fighter on Nov 19, 2020.
             Was an Initiate of Okawaru.
             Slain by a bullfrog (1 damage)
             ... on level 7 of the Dungeon.
             The game lasted 00:18:05 (3230 turns).

Glamhuggeren the Chopper (Hill Orc Fighter)         Turns: 3230, Time: 00:18:06

Health: 0/56       AC: -4    Str: 21    XL:     6   Next: 6%
Magic:  6/6        EV:  7    Int:  8    God:    Okawaru [......]
Gold:   150        SH:  9    Dex: 10    Spells: 5/5 levels left

rFire    + . .     SeeInvis .   a - +0 war axe
rCold    + . .     Gourm    .   c - +0 kite shield
rNeg     . . .     Faith    .   b - +0 scale mail
rPois    +         Spirit   .   (no helmet)
rElec    +         Reflect  .   (no cloak)
rCorr    +         Harm     .   (no gloves)
MR       .....                  (no boots)
Stlth    ..........             (no amulet)
HPRegen  0.18/turn              (no ring)
MPRegen  0.10/turn              (no ring)

@: brilliant, resistant, corroded, stab
A: no striking features
a: Renounce Religion


You were on level 7 of the Dungeon.
You worshipped Okawaru.
Okawaru was noncommittal.
You were not hungry.

You visited 2 branches of the dungeon, and saw 6 of its levels.

You collected 150 gold pieces.

Inventory:

Hand Weapons
 a - a +0 war axe (weapon)
 d - a +0 hunting sling
Missiles
 i - 185 stones (quivered)
 r - 18 sling bullets
Armour
 b - a +0 scale mail (worn)
 c - a +0 kite shield (worn)
 n - a +0 plate armour
Jewellery
 s - an uncursed amulet of regeneration {unknown}
Scrolls
 e - 2 scrolls of teleportation {unknown}
 h - 5 scrolls of enchant weapon {unknown}
 l - 4 scrolls of enchant armour {unknown}
 q - 3 scrolls of identify {unknown}
Potions
 k - 2 potions of resistance
 m - 3 potions of stabbing
 p - a potion of degeneration {unknown}
Comestibles
 f - 8 rations
 g - a chunk of flesh


   Skills:
 + Level 5.3 Fighting
 * Level 5.7 Axes
 - Level 4.0 Armour
 - Level 4.0 Shields


You had 5 spell levels left.
You didn't know any spells.
Your spell library was empty.

Dungeon Overview and Level Annotations

Branches:
Dungeon (4/15)             Temple (1/1) D:4

Altars:
Ashenzari
Cheibriados
Dithmenos
Elyvilon
Fedhas
Gozag
Hepliaklqana
Makhleb
Nemelex Xobeh
Okawaru
Qazlal
Ru
Sif Muna
Trog
Uskayaw
Vehumet
Wu Jian
Xom
Yredelemnul
Zin
The Shining One

Annotations:
D:2 Sigmund


Message History

Okay, then.
It was a potion of resistance.
You feel protected. The jelly hits you.
* * * LOW HITPOINT WARNING * * *
You are splashed with acid.
You resist.
* * * LOW HITPOINT WARNING * * *
The bullfrog hits you!
* * * LOW HITPOINT WARNING * * *
The bullfrog barely misses you.
It was a potion of curing.
You feel better. The jelly hits you.
* * * LOW HITPOINT WARNING * * *
The acid corrodes you!
You are splashed with acid.
You resist.
* * * LOW HITPOINT WARNING * * *
The bullfrog hits you.
* * * LOW HITPOINT WARNING * * *
It was a potion of brilliance.
You feel clever all of a sudden. The bullfrog hits you.
You die...

##........≈.#≈≈≈≈#
..........≈≈≈≈._≈#.......
#..#......≈≈≈≈8>≈#≈......
...#..#....≈≈≈≈≈≈#≈......
.....#.....≈≈#++#≈≈......
.....#..........≈≈≈....#
....)##...≈.....≈≈.....#
...))............J.....#
...#............@F.....#
...............###.......
.##.##..........# #......
. #.............. ......
. ...........##... .....
.#>#.............. .....
..####.....####..... ....
.... #.........


You could see a bullfrog and a jelly.

Vanquished Creatures
  Jessica (D:3)
  Terence (D:3)
  A worker ant (D:4)
  5 adders
  A shadow imp (D:7)
  2 oozes
  3 worms (D:3)
  2 dart slugs
  2 leopard geckos
  5 orcs
  A ball python (D:3)
  6 giant cockroaches
  12 goblins
  5 hobgoblins
  6 jackals
  7 kobolds
  9 bats
  4 frilled lizards
  11 rats
84 creatures vanquished.

Notes
Turn   | Place    | Note
-------+----------+-------------------------------------------
     0 | D:1      | Glamhuggeren the Hill Orc Fighter began the quest for the
                  | Orb.
     0 | D:1      | Reached XP level 1. HP: 19/19 MP: 1/1
   169 | D:1      | Reached XP level 2. HP: 17/27 MP: 2/2
   738 | D:1      | Reached XP level 3. HP: 33/33 MP: 3/3
  1105 | D:2      | Found a snail-covered altar of Cheibriados.
  1153 | D:2      | Reached XP level 4. HP: 40/40 MP: 4/4
  1739 | D:2      | Noticed Sigmund
  1919 | D:3      | Noticed Jessica
  1921 | D:3      | Killed Jessica
  1921 | D:3      | Reached XP level 5. HP: 47/47 MP: 5/5
  2459 | D:3      | Reached skill level 5 in Fighting
  2511 | D:3      | Found a hazy altar of Hepliaklqana.
  2529 | D:3      | Reached skill level 5 in Axes
  2530 | D:3      | Found a shimmering altar of Xom.
  2553 | D:3      | Noticed a spectral ugly thing
  2687 | D:3      | Found a shimmering blue altar of Sif Muna.
  2689 | D:3      | Noticed Terence
  2695 | D:3      | Killed Terence
  2791 | D:4      | Found a blossoming altar of Fedhas.
  2793 | D:4      | Found an ornate altar of the Wu Jian Council.
  2808 | D:4      | Found an iron altar of Okawaru.
  2812 | D:4      | Became a worshipper of Warmaster Okawaru
  3028 | D:4      | Found a staircase to the Ecumenical Temple.
  3050 | Temple   | Entered the Ecumenical Temple
  3149 | D:4      | Found a basalt altar of Yredelemnul.
  3151 | D:4      | You fall into a shaft and drop 3 floors!
  3158 | D:7      | Reached XP level 6. HP: 53/56 MP: 6/6
  3199 | D:7      | Found a stormy altar of Qazlal.
  3227 | D:7      | HP: 2/56 [bullfrog (8)]
  3230 | D:7      | Slain by a bullfrog

Illustrated notes

Levels and vault maps discovered:
D:1:      minmay_arrival_loop, layout_loops_ring
D:2:      layout_rooms, kennysheep_slug_shrine, minmay_statues_item,
          kennysheep_small_spiral, minmay_ruptured, uniq_sigmund
D:3:      layout_loops_corners, lemuel_round_altar,
          regret_index_temple_of_mockery, first_ration, uniq_terence,
          uniq_jessica
D:4:      layout_layer_cave, kennysheep_mini, okawaru_metal_pillars_1_2,
          chequers_temple_overflow_statue_of_worship, temple_doors_cd,
          ebering_ghost_disaster_area
D:7:      layout_cave_pools, overflow_temple_1_default,
          nicolae_qazlal_general_emergency
Temple:   dshaligram_water_room_temple

Skill      XL: |  1  2  3  4  5 |
---------------+----------------+-----
Axes           | 3 4 5 |  5.7
Fighting       | 4 5 |  5.3
Shields        | 4 |  4.0
Armour         | 4 |  4.0

Action                   |  1- 3 |  4- 6 || total
-------------------------+-------+-------++-------
Melee: War axe           |    95 |   157 ||   252
  Use: Potion            |       |     5 ||     5
  Eat: Chunk             |     1 |     7 ||     8
Armor: Scale mail        |    37 |    60 ||    97
Dodge: Dodged            |    34 |    39 ||    73
Block: Kite shield       |    54 |    73 ||   127
